 Dungeon Crawl Stone Soup version 0.22-a0-284-g99d1f74 (webtiles) character file.

60 grindst0ne the Firebug (level 4, -1/30 HPs)
             Began as a Human Fire Elementalist on Mar 21, 2018.
             Slain by a gnoll
             ... wielding a +0 spear
              (3 damage)
             ... on level 2 of the Dungeon.
             The game lasted 00:03:47 (1063 turns).

grindst0ne the Firebug (Human Fire Elementalist)    Turns: 1063, Time: 00:03:48

Health: -1/30      AC:  2    Str:  8    XL:     4   Next: 24%
Magic:  2/7        EV: 12    Int: 16    God:
Gold:   80         SH:  0    Dex: 14    Spells: 4/7 levels left

rFire    . . .     SeeInvis .   b - +0 dagger (protect)
rCold    . . .     Gourm    .   (no shield)
rNeg     . . .     Faith    .   a - +0 robe
rPois    .         Spirit   .   (no helmet)
rElec    .         Reflect  .   (no cloak)
rCorr    .         Harm     .   (no gloves)
MR       +....                  (no boots)
Stlth    ++........             (no amulet)
HPRegen  0.10/turn              g - ring of protection from magic
MPRegen  0.10/turn              (no ring)

@: no status effects
A: no striking features
a: no special abilities


You were on level 2 of the Dungeon.
You were not hungry.

You visited 1 branch of the dungeon, and saw 2 of its levels.

You collected 80 gold pieces.

Inventory:

Hand Weapons
 b - a +0 dagger of protection (weapon)
Armour
 a - a +0 robe (worn)
Jewellery
 g - a ring of protection from magic (left hand)
Scrolls
 e - a scroll of enchant armour {unknown}
 f - 2 scrolls of amnesia {unknown}
 i - a scroll of fog {unknown}
 j - 3 scrolls of remove curse {unknown}
 m - a scroll of teleportation {unknown}
Potions
 d - a potion of might {unknown}
 h - a potion of curing {unknown}
 l - a potion of lignification {unknown}
Comestibles
 c - a ration
 k - 3 chunks of flesh


   Skills:
 - Level 2.0 Dodging
 - Level 2.0 Stealth
 - Level 2.0 Spellcasting
 + Level 2.7 Conjurations
 + Level 4.0 Fire Magic


You had 4 spell levels left.
You knew the following spells:

 Your Spells              Type           Power        Failure   Level  Hunger
a - Flame Tongue          Conj/Fire      ##...        5%          1    #......
b - Throw Flame           Conj/Fire      ##....       8%          2    ###....


Dungeon Overview and Level Annotations

Branches:
Dungeon (2/15)

Altars:


Message History

* * * LOW HITPOINT WARNING * * *
Casting: Throw Flame (safe; 9% risk of failure)
Confirm with . or Enter, or press ? or * to list all spells.
Aiming: Throw Flame (safe; 9% risk of failure)
Press: ? - help, Shift-Dir - straight line, f/p - gnoll
Aim: a gnoll, wielding a flail (moderately wounded)
The puff of flame hits the gnoll.
The gnoll is almost dead.
The gnoll hits you with a flail.
* * * LOW HITPOINT WARNING * * *
Casting: Throw Flame (safe; 9% risk of failure)
Confirm with . or Enter, or press ? or * to list all spells.
Aiming: Throw Flame (safe; 9% risk of failure)
Press: ? - help, Shift-Dir - straight line, f/p - gnoll
Aim: a gnoll, wielding a flail (severely wounded)
The puff of flame hits the gnoll.
You kill the gnoll!
Your Fire Magic skill increases to level 4!
The gnoll hits you from afar with a spear.
You die...

#.............#..<.
#......<..........#
#..........#..##..##
####.....#.........
#####.#.#..##.#
#.#.......#
#.##.#.####
######.##.....###
#.....@..#......#
#........#.(....#
#...g....#.(....#
#...g....#......#
#........#......#
#........#......#
###.########......#
#....g...###......#
#....gg...†÷......#


You could see 2 gnolls.

Vanquished Creatures
  A gnoll (D:2)
  2 adders (D:2)
  3 dart slugs
  2 leopard geckos
  A ball python (D:1)
  4 goblins
  2 hobgoblins
  3 bats
  2 frilled lizards (D:1)
  3 kobolds (D:1)
  4 rats (D:1)
27 creatures vanquished.

Notes
Turn   | Place    | Note
-------+----------+-------------------------------------------
     0 | D:1      | grindst0ne the Human Fire Elementalist began the quest for the Orb.
     0 | D:1      | Reached XP level 1. HP: 13/13 MP: 3/3
   157 | D:1      | Reached XP level 2. HP: 16/19 MP: 1/5
   265 | D:1      | Learned a level 2 spell: Throw Flame
   650 | D:1      | Reached XP level 3. HP: 24/24 MP: 4/6
   999 | D:2      | Reached XP level 4. HP: 30/30 MP: 2/7
  1053 | D:2      | HP: 1/30 [gnoll/flail (3)]
  1062 | D:2      | Reached skill level 4 in Fire Magic
  1063 | D:2      | Slain by a gnoll

Vault maps used:
D:1:      minmay_arrival_stair_chambers
D:2:      supply_closet_lemuel

Skill      XL: |  1  2  3  4 |
---------------+-------------+-----
Conjurations   | 2 |  2.7
Fire Magic     | 4 |  4.0
Dodging        | |  2.0
Stealth        | |  2.0
Spellcasting   | |  2.0

Action                   |  1- 3 |  4- 6 || total
-------------------------+-------+-------++-------
Melee: Dagger            |     5 |     5 ||    10
 Cast: Flame Tongue      |    38 |     1 ||    39
       Throw Flame       |     1 |     3 ||     4
  Eat: Chunk             |     1 |       ||     1
Armor: Robe              |     4 |     1 ||     5
Dodge: Dodged            |     7 |     2 ||     9

Table legend:
 A = Spawn XP
 B = Non-spawn XP
 C = Spawn XP percentage of total XP
 D = Spawn monster count
 E = Non-spawn monster count
 F = Spawn count percentage of total count
 G = Total turns spent on level
                    A         B        C        D         E        F      G
               +---------+---------+-------+---------+---------+-------+---------
         Total |       0 |      86 |   0.0 |       0 |      27 |   0.0 |  1063
               +---------+---------+-------+---------+---------+-------+---------
           D:1 |       0 |      30 |   0.0 |       0 |      18 |   0.0 |   845
           D:2 |       0 |      56 |   0.0 |       0 |       9 |   0.0 |   218
               +---------+---------+-------+---------+---------+-------+---------
